 Dungeon Crawl Stone Soup version 0.28-a0-779-g3d1f99b579 (webtiles) character file.

Game seed: 6879387182245472495

292 flotson the Skirmisher (level 6, -3/67 HPs)
             Began as an Ogre Delver on Nov 2, 2021.
             Was a Believer of Trog.
             Succumbed to a water moccasin's poison
             ... on level 4 of the Dungeon.
             The game lasted 00:05:31 (3512 turns).

flotson the Skirmisher (Ogre Delver)                Turns: 3512, Time: 00:05:33

Health: -3/67      AC:  3    Str: 19    XL:     6   Next: 33%
Magic:  6/6        EV: 14    Int: 11    God:    Trog [**....]
Gold:   101        SH:  0    Dex: 10    Spells: 5/5 levels left

rFire   + . .      SeeInvis .   b - +2 dagger (venom)
rCold   . . .      Faith    .   (no shield)
rNeg    . . .      Spirit   .   u - +0 robe
rPois   .          Reflect  .   (helmet restricted)
rElec   .          Harm     .   (no cloak)
rCorr   .          Rampage  .   (gloves unavailable)
Will    .....                   (boots unavailable)
Stlth   ++........              k - amulet of regeneration
HPRegen 1.21/turn               v - +4 ring of evasion
MPRegen 0.10/turn               m - ring of protection from fire

@: mighty, lethally poisoned (-3 -> -19)
A: large, unfitting armour, tough skin 1
a: Renounce Religion, Berserk, Trog's Hand


You were on level 4 of the Dungeon.
You worshipped Trog.
Trog was pleased with you.
You visited 2 branches of the dungeon, and saw 6 of its levels.

You collected 155 gold pieces.
You spent 54 gold pieces at shops.

Inventory:

Hand Weapons
 a - a +0 hand axe
 b - a +2 dagger of venom (weapon)
Armour
 u - a +0 robe (worn)
Jewellery
 j - an amulet of guardian spirit
 k - an amulet of regeneration (around neck)
 m - a ring of protection from fire (right hand)
 n - an amulet of the acrobat
 p - a ring of resist corrosion
 v - a +4 ring of evasion (left hand)
Wands
 g - a wand of digging (3)
Scrolls
 c - a scroll of fog
 d - 2 scrolls of magic mapping
 e - a scroll of fear
 f - a scroll of identify
 h - 3 scrolls of enchant armour {unknown}
 o - a scroll of immolation {unknown}
 r - a scroll of teleportation {unknown}
Potions
 s - a potion of haste
 t - a potion of attraction
 w - a potion of brilliance {unknown}


   Skills:
 + Level 5.7 Fighting
 + Level 3.5 Axes
 + Level 2.2 Armour
 + Level 3.2 Dodging
 - Level 3.7 Stealth


You had 5 spell levels left.
You didn't know any spells.
Your spell library was empty.

Dungeon Overview and Level Annotations

Branches:
Dungeon (5/15)             Temple (1/1) D:4

Altars:
Ashenzari
Dithmenos
Elyvilon
Fedhas
Kikubaaqudgha
Makhleb
Okawaru
Ru
Sif Muna
Trog
Vehumet
Wu Jian
Yredelemnul
Zin
The Shining One

Shops:
D:2 !!?

Annotations:
D:3 exclusion: statue


Innate Abilities, Weirdness & Mutations

You are too large for most types of armour.
You have tough skin. (AC +1)


Message History

The water moccasin poisons you!
You barely miss the water moccasin.
The water moccasin is lightly wounded.
You feel very sick. The water moccasin misses you. x2
You barely miss the water moccasin.
The water moccasin is lightly wounded.
You feel sick. The water moccasin closely misses you.
You barely miss the water moccasin.
The water moccasin is lightly wounded.
You feel sick. The water moccasin misses you.
The water moccasin completely misses you.
You hit the water moccasin but do no damage.
The water moccasin is lightly wounded.
You feel sick. The water moccasin bites you!
* * * LOW HITPOINT WARNING * * *
You hit the water moccasin but do no damage.
The water moccasin is lightly wounded.
You feel sick. The water moccasin closely misses you.
You hit the water moccasin.
The water moccasin is lightly wounded.
You feel sick. The water moccasin misses you. The water moccasin bites you.
* * * LOW HITPOINT WARNING * * *
You are more poisoned.
The water moccasin poisons you!
You hit the water moccasin.
The water moccasin is poisoned.
The water moccasin is moderately wounded.
* * * LOW HITPOINT WARNING * * *
You feel very sick. The water moccasin closely misses you.
You hit the water moccasin.
The water moccasin is heavily wounded.
You feel very sick. The water moccasin bites you!
* * * LOW HITPOINT WARNING * * *
You are more poisoned.
The water moccasin poisons you!
The water moccasin completely misses you.
You feel very mighty all of a sudden.
You die...

.##....## #.#...........#
..##....# #...#######...#
...##...# #...#.....#...#
>.###...# #.#.#.$...#.#.#
..###...####.#.#.._(.#.#.#
...#....'..#.#.#.$?$.#.#.#
#.......##.#...#....!#.#.#
..#......#.#...###+###.#.#
.........#.#.#..@S.....#.#
#.#.######.#.#.#.......#.#
.<#........#.#.###.#####.#
..#.########.#.. .# #.#
..######.....###########.#
.>.....#.................#
.....#.#..################
.....#.#..# .....#.#..#


You could see a water moccasin (very poisoned).

Vanquished Creatures
  A scorpion (D:4)
  A hound (D:4)
  A bullfrog skeleton (D:4)
  A centaur skeleton (D:4)
  An iguana (D:4)
  A hound skeleton (D:4)
  Robin (D:3)
  2 adders
  An adder skeleton (D:4)
  A worm (D:4)
  2 dart slugs
  4 orcs (D:3)
  4 bats
  6 endoplasms
  3 giant cockroaches (D:3)
  4 hobgoblins
  4 jackals (D:2)
  5 kobolds
  5 quokkas
  5 ball pythons
  4 frilled lizards
  9 goblins
  4 rats
70 creatures vanquished.

Notes
Turn   | Place    | Note
-------+----------+-------------------------------------------
     0 | D:5      | flotson the Ogre Delver began the quest for the Orb.
     0 | D:5      | Reached XP level 1. HP: 24/24 MP: 1/1
    10 | D:5      | Noticed an ogre
    19 | D:4      | Found a staircase to the Ecumenical Temple.
    28 | Temple   | Entered the Ecumenical Temple
    93 | Temple   | Became a worshipper of Trog the Wrathful
   129 | D:4      | Reached XP level 2. HP: 4/33 MP: 2/2
   129 | D:4      | Reached XP level 3. HP: 5/40 MP: 3/3
   301 | D:3      | Reached skill level 1 in Armour
  1250 | D:1      | Reached * piety under Trog
  1723 | D:2      | Reached XP level 4. HP: 49/49 MP: 4/4
  1830 | D:2      | Found Boephen's Magic Scroll Boutique.
  1833 | D:2      | Bought a scroll of identify for 22 gold pieces
  1833 | D:2      | Bought a scroll of identify for 22 gold pieces
  1882 | D:2      | Found Tucadghur's Distillery.
  1894 | D:2      | Found a faded altar of an unknown god.
  1952 | D:2      | Found Qobedim's Distillery.
  1958 | D:2      | Bought a potion of degeneration for 10 gold pieces
  2332 | D:3      | Found a radiant altar of Vehumet.
  2332 | D:3      | Noticed a charred statue
  2501 | D:3      | Reached skill level 5 in Fighting
  2595 | D:3      | Reached ** piety under Trog
  2620 | D:3      | Noticed Robin
  2628 | D:3      | Reached XP level 5. HP: 29/57 MP: 5/5
  2630 | D:3      | Killed Robin
  3268 | D:4      | Reached XP level 6. HP: 56/66 MP: 6/6
  3421 | D:4      | Found an ancient bone altar of Kikubaaqudgha.
  3489 | D:4      | Noticed a water moccasin
  3499 | D:4      | HP: 2/67 [water moccasin (7)]
  3511 | D:4      | HP: 1/67 [water moccasin (7)]
  3512 | D:4      | Succumbed to a water moccasin's poison

Illustrated notes

Levels and vault maps discovered:
D:1:      dpeg_arrival_concentric_ovals, layout_basic
D:2:      layout_rooms, chequers_ecumenical_altar_island, serial_shops,
          shop_statue, nicolae_shop_behind_doors, shop_fountains
D:3:      minmay_door_path, layout_loops_ring, vehumet_statue, uniq_robin
D:4:      layout_basic, amcnicky_altar_gilded, minmay_temple_entry_wispy
D:5:      layout_loops_cross
Temple:   dshaligram_water_room_temple

Skill      XL: |  1  2  3  4  5 |
---------------+----------------+-----
Dodging        | 2 3 |  3.2
Armour         | 1 2 |  2.2
Fighting       | 5 |  5.7
Axes           | 3 |  3.5
Stealth        | |  3.7

Action                   |  1- 3 |  4- 6 || total
-------------------------+-------+-------++-------
Melee: Hand axe          |    85 |   108 ||   193
       Dagger            |       |    80 ||    80
  Use: Potion            |     1 |     3 ||     4
       Scroll            |       |     4 ||     4
 Stab: Sleeping          |     5 |     7 ||    12
Armor: Robe              |    18 |    52 ||    70
Dodge: Dodged            |    31 |   127 ||   158

Table legend: (Time is in decaauts)
 A = Elapsed time spent in this place.
 B = Non-inter-level travel time spent in this place.
 C = Inter-level travel time spent in this place.
 D = Time resting spent in this place.
 E = Time spent auto-exploring this place.
 F = Levels seen in this place.
 G = Mean time per level.
                   A        B        C        D        E       F      G
               +--------+--------+--------+--------+--------+-----+--------+
         Total |   3526 |   3444 |     82 |      0 |   2781 |   6 |  587.7 |
       Dungeon |   3440 |   3375 |     65 |      0 |   2736 |   5 |  688.0 |
        Temple |     86 |     69 |     17 |      0 |     45 |   1 |   86.0 |
               +--------+--------+--------+--------+--------+-----+--------+

Top non-repeatable levels by time:
     D:3: 1258 daAuts
     D:4: 954 daAuts
     D:1: 753 daAuts
     D:2: 457 daAuts
  Temple: 86 daAuts
     D:5: 16 daAuts
